Map: Jagannatha LE

Players

Zest

  • Race: Protoss Protoss
  • League: Master
  • Spawn Location: 1:00

RAGNAROK (SHIN) - Winner!

  • Race: Zerg Zerg
  • League: Grandmaster
  • Spawn Location: 7:00

VOD

Have the link to the VOD?

Description

Time

  • Played on: Jan. 12, 2021, 12:08 p.m.
  • Length: 9:29
Show
View Real Time Build Order
Export as new Build Order

Zest Protoss 

Build Orders: 1 Gate Expand, Mass Phoenix 

Get SALT Encoding   

  12  0:00  Probe  
  13  0:12  Probe  
  14  0:20  Pylon  
  14  0:24  Probe  
  15  0:38  Probe (Chrono Boost)  
  15  0:40  Gateway  
  16  0:47  Probe (Chrono Boost)  
  17  0:50  Assimilator  
  17  0:52  Probe (Chrono Boost)  
  18  1:04  Probe  
  19  1:16  Probe  
  20  1:27  Nexus  
  20  1:36  Cybernetics Core  
  20  1:39  Probe  
  21  1:46  Assimilator  
  21  1:51  Probe  
  21  1:54  Pylon  
  22  2:03  Probe (Chrono Boost)  
  23  2:09  Adept (Chrono Boost)  
  23  2:15  Probe (Chrono Boost)  
  26  2:20  Probe (Chrono Boost)  
  27  2:23  Twilight Council, Warp Gate  
  27  2:29  Probe  
  28  2:33  Stalker  
  30  2:39  Probe  
  30  2:42  Probe  
  32  2:49  Pylon  
  32  2:51  Probe  
  32  2:54  Probe  
  32  2:56  Resonating Glaives (Chrono Boost)  
  34  3:03  Adept  
  36  3:07  Probe x2  
  38  3:14  Gateway  
  38  3:26  Gateway  
  38  3:28  Gateway  
  38  3:41  Probe  
  38  3:43  Probe  
  38  3:46  Pylon  
  39  3:53  Probe  
  39  3:55  Probe  
  41  4:04  Pylon  
  41  4:05  Probe  
  41  4:07  Stargate  
  42  4:10  Stargate  
  42  4:15  Probe  
  42  4:16  Assimilator  
  43  4:18  Probe  
  43  4:19  Assimilator  
  43  4:21  Adept x3  
  50  4:24  Pylon  
  50  4:27  Probe  
  50  4:30  Probe  
  52  4:37  Pylon  
  52  4:39  Probe  
  52  4:41  Pylon  
  52  4:42  Probe  
  54  4:51  Probe  
  55  4:53  Phoenix x2 (Chrono Boost)  
  55  4:54  Probe  
  55  4:59  Pylon  
  60  5:03  Probe  
  60  5:06  Probe  
  62  5:09  Phoenix x2 (Chrono Boost)  
  66  5:15  Robotics Facility, Probe  
  66  5:18  Probe  
  66  5:32  Phoenix (Chrono Boost)  
  62  5:37  Adept x3  
  62  5:39  Phoenix (Chrono Boost)  
  68  5:56  Gateway  
  68  5:58  Phoenix, Gateway  
  68  5:59  Phoenix, Gateway  
  72  6:05  Warp Prism  
  72  6:18  Stalker x2  
  76  6:26  Gateway  
  76  6:27  Gateway  
  76  6:39  Pylon  
  76  6:46  Zealot x2  
  78  6:48  Adept  
  78  6:53  Adept  
  76  6:57  Adept x2  
  73  7:07  Adept x2  
  67  7:27  Adept  
  67  7:28  Phoenix x2 (Chrono Boost), Adept x7  
  87  7:48  Adept x6  
  87  7:50  Adept  
  101  8:16  Adept  
  101  8:20  Pylon  
  101  8:21  Pylon  
  101  8:23  Pylon  
  101  8:33  Sentry x4  
  91  8:34  Adept x3  
  91  8:40  Adept  
  71  9:12  Adept x2  
  71  9:13  Adept x3  
  71  9:14  Zealot  
  64  9:24  Zealot  
Show
View Real Time Build Order
Export as new Build Order

RAGNAROK Zerg - Winner!

Build Orders: Hatch First 

Get SALT Encoding   

  12  0:00  Drone  
  13  0:12  Overlord  
  13  0:16  Drone  
  14  0:31  Drone x2  
  16  0:39  Drone  
  17  0:55  Hatchery, Drone  
  17  0:59  Drone  
  18  1:09  Extractor  
  17  1:14  Spawning Pool  
  17  1:18  Drone  
  17  1:21  Drone  
  18  1:28  Drone  
  19  1:38  Drone  
  20  1:49  Overlord  
  20  2:01  Queen  
  20  2:07  Zergling x4  
  20  2:08  Queen  
  26  2:13  Drone  
  27  2:21  Drone  
  27  2:22  Drone, Metabolic Boost  
  29  2:38  Hatchery  
  29  2:41  Drone x2  
  29  2:43  Zergling x2  
  31  2:50  Queen  
  33  2:57  Overlord  
  33  3:00  Drone x2  
  33  3:04  Drone  
  36  3:09  Overlord  
  36  3:17  Drone x4  
  40  3:24  Overlord  
  40  3:29  Queen, Drone  
  40  3:33  Spore Crawler  
  42  3:39  Zergling x4  
  44  3:45  Zergling x4  
  44  3:46  Drone x2  
  48  3:49  Spore Crawler  
  48  3:50  Drone  
  48  3:52  Drone  
  49  3:58  Zergling x2  
  49  4:01  Queen, Drone  
  52  4:05  Drone x2  
  52  4:07  Drone  
  55  4:13  Roach Warren  
  55  4:16  Drone  
  55  4:21  Drone x3  
  57  4:26  Overlord  
  57  4:27  Overlord  
  57  4:29  Zergling x2  
  57  4:32  Overlord  
  57  4:35  Zergling x2  
  58  4:45  Zergling x16  
  66  4:55  Spore Crawler  
  66  4:58  Roach x5  
  75  5:03  Roach  
  75  5:04  Roach  
  79  5:09  Drone x3  
  79  5:10  Extractor  
  79  5:11  Overlord  
  80  5:16  Drone  
  80  5:21  Drone  
  81  5:22  Overlord  
  81  5:27  Lair  
  79  5:28  Overlord  
  79  5:31  Extractor, Drone x3  
  79  5:33  Roach x2  
  80  5:39  Zergling x10  
  85  5:45  Overlord  
  84  5:51  Queen  
  86  6:00  Spore Crawler, Drone x9  
  94  6:05  Drone x3  
  94  6:10  Extractor  
  93  6:16  Drone x6  
  98  6:24  Drone  
  98  6:25  Spore Crawler  
  98  6:27  Hydralisk Den, Drone  
  98  6:28  Extractor, Drone  
  98  6:32  Overlord  
  98  6:33  Extractor  
  98  6:35  Overlord  
  98  6:36  Overlord  
  98  6:37  Overlord  
  97  6:41  Overlord  
  97  6:54  Overlord  
  94  6:57  Hydralisk x6  
  94  6:58  Hydralisk  
  102  7:01  Grooved Spines  
  102  7:02  Hydralisk  
  102  7:04  Hydralisk  
  101  7:08  Hydralisk  
  101  7:09  Zergling x4  
  101  7:11  Zergling x2  
  101  7:13  Hydralisk  
  101  7:16  Hydralisk  
  101  7:18  Zergling x2  
  101  7:19  Hydralisk  
  99  7:22  Hydralisk  
  99  7:25  Zergling x2  
  99  7:26  Zergling x2  
  103  7:30  Zergling x4, Hydralisk  
  103  7:31  Zergling x2  
  103  7:36  Hydralisk  
  103  7:37  Zergling x4  
  112  7:42  Hydralisk  
  112  7:43  Zergling x8  
  118  7:48  Overlord  
  118  7:53  Baneling Nest  
  118  7:54  Hydralisk  
  118  7:55  Zergling x2  
  119  7:59  Zergling x6  
  119  8:04  Zergling x4, Hydralisk  
  124  8:10  Overlord  
  124  8:12  Zergling x8  
  126  8:13  Muscular Augments  
  126  8:17  Zergling x6  
  125  8:22  Zergling x2  
  125  8:23  Zergling x4  
  125  8:25  Overlord  
  128  8:27  Hydralisk  
  128  8:29  Zergling x2  
  123  8:35  Hydralisk x3  
  128  8:42  Baneling x12  
  128  8:45  Baneling x4  
  109  9:03  Zergling x2, Hydralisk  
  109  9:04  Zergling x20  
Tags
 
Add a new tag
Caveats
  • Supply blocks, unpowered buildings, or Contaminate may cause inaccurate times.
  • Supply counts are checked every 10 seconds.